 Dungeon Crawl Stone Soup version 0.29.0-4-gdea44cf6ec (webtiles) character file.

Game seed: 5001460253843685391

2 qw the Sneak (level 1, -2/14 HPs)
             Began as a Gargoyle Delver on Sept 10, 2022.
             Splashed by a jelly's acid (5 damage)
             ... on level 4 of the Dungeon.
             The game lasted 00:00:06 (780 turns).

qw the Sneak (Gargoyle Delver)                       Turns: 780, Time: 00:00:06

Health: -2/14      AC:  1    Str: 15    XL:     1   Next: 40%
Magic:  1/1        EV: 11    Int: 10    God:
Gold:   17         SH:  0    Dex: 11    Spells: 0/0 levels left

rFire   . . .      SeeInvis .   a - +0 hand axe
rCold   . . .      Faith    .   (no shield)
rNeg    + . .      Spirit   .   b - +0 leather armour
rPois   inf        Reflect  .   (no helmet)
rElec   +          Harm     .   (no cloak)
rCorr   .          Rampage  .   (no gloves)
Will    .....                   (no boots)
Stlth   +++.......              (no amulet)
HPRegen 0.04/turn               (no ring)
MPRegen 0.07/turn               (no ring)

@: corroded
A: sickness immunity, AC +2, negative energy resistance 1, electricity
resistance, torment resistance 1, petrification resistance
a: no special abilities


You were on level 4 of the Dungeon.
You visited 1 branch of the dungeon, and saw 2 of its levels.

You collected 17 gold pieces.


Innate Abilities, Weirdness & Mutations

You are immune to sickness and miasma.
Your stone body is resilient. (AC +2)
You are immune to poison.
You resist negative energy. (rN+)
You are resistant to electric shocks. (rElec)
You are resistant to unholy torment.
You are immune to petrification.


   Skills:
 - Level 3.2 Fighting
 + Level 2.0 Axes
 - Level 1.5 Dodging
 - Level 5.4 Stealth


You couldn't memorise any spells.
You didn't know any spells.
Your spell library was empty.

Inventory:

Hand Weapons
 a - a +0 hand axe (weapon)
Armour
 b - a +0 leather armour (worn)
Wands
 g - a wand of digging (3)
Potions
 f - a potion of haste

Dungeon Overview and Level Annotations

Branches:
Dungeon (5/15)
 Temple: D:4-7

Altars:


Message History

You hear a distant slurping noise.
Done waiting.
545 ||| Stepping ~*~*~tactically~*~*~ (hiding).
You start waiting.
Done waiting.
647 ||| Stepping ~*~*~tactically~*~*~ (hiding).
You start waiting.
Done waiting.
749 ||| Stepping ~*~*~tactically~*~*~ (hiding).
You start waiting.
A dart slug is nearby!
The dart slug bites you but does no damage.
There is an open door here.
You hit the dart slug.
The dart slug is moderately wounded.
The dart slug barely misses you.
You barely miss the dart slug.
The dart slug is moderately wounded.
The dart slug bites you but does no damage.
You hit the dart slug.
The dart slug is almost dead.
The dart slug bites you but does no damage.
You hit the dart slug but do no damage.
The dart slug is almost dead.
The dart slug bites you but does no damage.
You hit the dart slug.
You kill the dart slug!
Your Axes skill increases to level 2!
A jelly comes into view.
763 ||| Stepping ~*~*~tactically~*~*~ (stealth).
You now have 17 gold pieces (gained 12).
A jelly is nearby!
The jelly quivers.
The jelly closely misses you.
You hit the jelly. The acid corrodes you!
Your hands burn!
The jelly is lightly wounded.
The jelly hits you.
You are splashed with acid!
Ouch! That really hurt!
You hit the jelly but do no damage.
Your hands burn!
You die...

#...... ...
#...... ....
##......##+#....
..............#
..............#
..............#
........J.....#
........@.....+
..............#
###+##%....#'##
#....'.....# ..
#..>.#.....# #
#....#.....#
#....#.....#
#....#.#.....
###..#.#......


You could see a jelly.

Vanquished Creatures
  A dart slug (D:4)
1 creature vanquished.

Notes
Turn   | Place    | Note
-------+----------+-------------------------------------------
     0 | D:5      | qw the Gargoyle Delver began the quest for the Orb.
     0 | D:5      | Reached XP level 1. HP: 14/14 MP: 1/1
     0 | D:5      | 0 ||| qw: Version: 0.1-a-116-g5d60599
     0 | D:5      | 0 ||| qw: Game counter: 9114
     0 | D:5      | 0 ||| qw: Always use a shield: true
     0 | D:5      | 0 ||| qw: God list: Okawaru
     0 | D:5      | 0 ||| qw: Allow faded altars: false
     0 | D:5      | 0 ||| qw: Do Orc after D:15 true
     0 | D:5      | 0 ||| qw: Do second Lair branch before Depths: true
     0 | D:5      | 0 ||| qw: Lair rune preference: random
     0 | D:5      | 0 ||| qw: Plans: Normal
     0 | D:5      | 0 ||| PLANNING D:1-11
    18 | D:5      | 18 ||| DROPPING scroll of fog.
    19 | D:5      | 19 ||| DROPPING scroll of magic mapping.
    20 | D:5      | 20 ||| DROPPING scroll of fear.
    32 | D:4      | 32 ||| Stepping ~*~*~tactically~*~*~ (hiding).
    34 | D:4      | 34 ||| Stepping ~*~*~tactically~*~*~ (stealth).
   137 | D:4      | 137 ||| Stepping ~*~*~tactically~*~*~ (hiding).
   239 | D:4      | 239 ||| Stepping ~*~*~tactically~*~*~ (hiding).
   341 | D:4      | 341 ||| Stepping ~*~*~tactically~*~*~ (hiding).
   443 | D:4      | 443 ||| Stepping ~*~*~tactically~*~*~ (hiding).
   545 | D:4      | 545 ||| Stepping ~*~*~tactically~*~*~ (hiding).
   647 | D:4      | 647 ||| Stepping ~*~*~tactically~*~*~ (hiding).
   749 | D:4      | 749 ||| Stepping ~*~*~tactically~*~*~ (hiding).
   762 | D:4      | Noticed a jelly
   763 | D:4      | 763 ||| Stepping ~*~*~tactically~*~*~ (stealth).
   779 | D:4      | HP: 3/14 [acid (8)]
   780 | D:4      | Splashed by a jelly's acid

Levels and vault maps discovered:
D:4:      kennysheep_the_goblin_king, layout_gridville, gammafunk_ghost_split,
          kennysheep_nub, nicolae_concentric_dashed_squares_mild,
          chequers_serial_rivers_micro_a, dk_noncrumbling_4,
          chequers_serial_rivers_marsh, chequers_serial_rivers_room_a
D:5:      layout_layer_cave, minmay_temple_entry_stoned_glass, serial_undead,
          serial_undead_e, serial_undead_a, serial_undead_f, serial_undead_b,
          uniq_crazy_yiuf_cottage, uniq_pikel

Skill      XL: |  1 |
---------------+----+-----
Axes           | 2 |  2.0
Fighting       | |  3.2
Dodging        | |  1.5
Stealth        | |  5.4

Action                   || total
-------------------------++-------
Melee: Hand axe          ||     7
Armor: Leather armour    ||     4
Dodge: Dodged            ||     2

Table legend:
 A = Non-vault XP
 B = Vault XP
 C = Vault XP percentage of total XP
 D = Non-vault monster count
 E = Vault monster count
 F = Vault count percentage of total count
                 A         B        C        D         E       F
            +---------+---------+-------+---------+---------+-------
      Total |       4 |       0 |   0.0 |       1 |       0 |   0.0
            +---------+---------+-------+---------+---------+-------
        D:4 |       4 |       0 |   0.0 |       1 |       0 |   0.0
            +---------+---------+-------+---------+---------+-------
